 Dungeon Crawl Stone Soup version 0.17.0-28-g6e173f8 (webtiles) character file.

1140 HandofTrog the Fighter (level 8, -15/81 HPs)
             Began as a Ghoul Gladiator on Nov 29, 2015.
             Demolished by an orc warrior
             ... wielding a +0 scimitar of protection
              (16 damage)
             ... on level 5 of the Dungeon.
             The game lasted 00:15:44 (5459 turns).

HandofTrog the Fighter (Ghoul Gladiator)            Turns: 5459, Time: 00:15:44

Health: -15/81     AC: 11    Str: 25      XL:     8   Next: 37%
Magic:  7/7        EV:  7    Int:  9 (11) God:
Gold:   325        SH:  0    Dex:  9      Spells: 0 memorised, 7 levels left

rFire  . . .     SeeInvis .     a - +0 quarterstaff
rCold  + . .     Clarity  .     E - +0 plate armour
rNeg   + + +     SustAt   .     (shield currently unavailable)
rPois  ∞         Gourm    .     c - +0 helmet
rElec  .         Spirit   .     (no cloak)
rCorr  .         Warding  .     (no gloves)
rMut   .         Stasis   .     (no boots)
MR     .....                    y - amulet of faith
Stlth  ..........               (no ring)
                                x - +2 ring of intelligence

@: mighty, brilliant, flying, rotting, not resistant to hostile enchantments,
extremely unstealthy
A: rotting body, claws 1, carnivore 3, cold resistance 1, negative energy
resistance 3, slow regeneration 1, torment resistance, unbreathing
a: no special abilities


You were on level 5 of the Dungeon.
You were not hungry.

You visited 1 branch of the dungeon, and saw 6 of its levels.

You collected 325 gold pieces.

Inventory:

Hand Weapons
 a - a +0 quarterstaff (weapon)
 t - a +0 club of chaos
Missiles
 d - a throwing net (quivered)
 r - 112 stones
Armour
 b - a +0 leather armour
 c - a +0 helmet (worn)
 g - a +0 ring mail
 l - a +0 scale mail
 E - a +0 plate armour (worn)
Magical Staves
 F - an uncursed staff of poison {unknown}
Jewellery
 x - a +2 ring of intelligence (left claw)
 y - an amulet of faith (around neck)
 B - an uncursed ring of poison resistance {unknown}
Wands
 w - a wand of frost (16)
Scrolls
 h - 3 scrolls of immolation {unknown}
 i - 3 scrolls of fear {unknown}
 k - a scroll of random uselessness {unknown}
 m - 2 scrolls of enchant armour {unknown}
 n - 2 scrolls of blinking {unknown}
 o - 5 scrolls of teleportation {unknown}
 p - 4 scrolls of identify {unknown}
 q - 3 scrolls of noise {unknown}
 v - 3 scrolls of fog {unknown}
Potions
 f - 2 potions of curing
 j - a potion of might
 u - a potion of degeneration
 A - a potion of lignification {unknown}
 C - a potion of haste {unknown}
Comestibles
 e - 2 meat rations
 D - a slice of pizza


   Skills:
 + Level 10.7 Fighting
 - Level 2.6 Staves
 - Level 1.7 Throwing
 - Level 2.6 Dodging


You had 7 spell levels left.
You didn't know any spells.

Dungeon Overview and Level Annotations

Branches:
Dungeon (6/15)
 Temple: D:4-7

Altars:
Gozag
Okawaru
Qazlal
Xom
The Shining One

Shops:
D:4 (*[

Annotations:
D:4 Eustachio


Innate Abilities, Weirdness & Mutations

Your body is rotting away.
You thrive on raw meat.
You are immune to poison.
You have sharp fingernails.
You are carnivorous and can eat meat at any time.
Your flesh is cold resistant.
You are immune to negative energy.
You regenerate slowly when monsters are visible.
You are immune to unholy pain and torment.
You can survive without breathing.


Message History

* * * LOW HITPOINT WARNING * * *
Drink which item? (? for menu, Esc to quit)
It was a potion of might.
You feel very mighty all of a sudden.
The orc warrior hits you but does no damage.
Drink which item? (? for menu, Esc to quit)
It was a potion of degeneration.
There was something very wrong with that liquid.
You feel dopey.
Drink which item? (? for menu, Esc to quit)
It was a potion of brilliance.
You feel clever all of a sudden.
The orc warrior hits you with a scimitar of protection.
* * * LOW HITPOINT WARNING * * *
Drink which item? (? for menu, Esc to quit)
It was a potion of flight.
You feel very buoyant.
You fly up into the air.
The orc warrior hits you with a scimitar of protection!
You die...

.##.....##....#......#
.##...........#.####.#
..............#..(...#
.....(.#......#.######
.......+........#
.......#........#####
.......#.....>......#
.......#....#..######
.......#...##.{o@...#
.......##<###..######
.......####....#
######## #.##.# #.##.#
#....# ######


You could see an orc warrior.

Vanquished Creatures
  Grinder (D:4)
  Edmund (D:4)
  3 ogres
  2 scorpions
  2 giant frog zombies (D:5)
  2 hounds (D:5)
  An orc priest (D:4)
  2 orc wizards
  3 worker ants
  2 hound skeletons
  9 adders
  3 oozes (D:1)
  13 orcs
  3 ball pythons
  7 bats
  3 giant cockroaches
  8 goblins
  3 hobgoblins
  8 jackals
  3 kobolds
  3 quokkas
  3 giant geckos
  3 giant newts
  A quokka skeleton (D:4)
  8 rats
97 creatures vanquished.

Notes
Turn   | Place    | Note
--------------------------------------------------------------
     0 | D:1      | HandofTrog the Ghoul Gladiator began the quest for the Orb.
     0 | D:1      | Reached XP level 1. HP: 17/17 MP: 0/0
    47 | D:1      | Reached XP level 2. HP: 13/25 MP: 1/1
   223 | D:1      | Reached skill level 3 in Fighting
   784 | D:1      | Reached XP level 3. HP: 28/30 MP: 2/2
  1025 | D:1      | Reached skill level 4 in Fighting
  1642 | D:2      | Reached XP level 4. HP: 33/36 MP: 3/3
  1899 | D:2      | Reached skill level 5 in Fighting
  2399 | D:3      | Reached XP level 5. HP: 30/45 MP: 4/4
  2493 | D:3      | Found a shimmering altar of Xom.
  2541 | D:3      | Noticed an ogre
  2552 | D:3      | Killed an ogre
  2552 | D:3      | Reached skill level 6 in Fighting
  2763 | D:3      | Reached XP level 6. HP: 51/58 MP: 5/5
  3102 | D:4      | Reached skill level 7 in Fighting
  3394 | D:4      | Found Focap's Weapon Emporium.
  3416 | D:4      | Found Dicopen's Assorted Antiques.
  3420 | D:4      | Noticed Eustachio
  3493 | D:4      | Noticed Grinder
  3528 | D:4      | Reached skill level 8 in Fighting
  3528 | D:4      | Reached XP level 7. HP: 50/68 MP: 6/6
  3540 | D:4      | Paralysed by Grinder for 7 turns
  3556 | D:4      | Killed Grinder
  3556 | D:4      | Reached skill level 9 in Fighting
  3983 | D:4      | Noticed Edmund
  4000 | D:4      | Killed Edmund
  4000 | D:4      | Reached XP level 8. HP: 74/79 MP: 7/7
  4230 | D:4      | Found Lurof's Armour Emporium.
  4538 | D:5      | Entered Level 5 of the Dungeon
  4559 | D:5      | Reached skill level 10 in Fighting
  4699 | D:5      | Found an opulent altar of Gozag.
  4894 | D:5      | Found a shimmering altar of Xom.
  4899 | D:5      | Found a stormy altar of Qazlal.
  4961 | D:5      | Found a glowing golden altar of the Shining One.
  5102 | D:5      | Found an iron altar of Okawaru.
  5458 | D:5      | HP: 1/81 [orc warrior/scimitar of protection (6)]
  5459 | D:5      | Demolished by an orc warrior

Action                   |  1- 3 |  4- 6 |  7- 9 || total
-------------------------+-------+-------+-------++-------
Melee: Quarterstaff      |   135 |   179 |   148 ||   462
Throw: Throwing net      |       |     2 |     5 ||     7
       Stone             |       |       |     1 ||     1
  Use: Potion            |       |       |     5 ||     5
 Stab: Held in net/web   |       |       |     2 ||     2
  Eat: Chunk             |     4 |    15 |     6 ||    25
